 Dungeon Crawl Stone Soup version 0.26-a0-752-gcff87cac9a (webtiles) character file.

Game seed: 9365231290550910172

84 Queen the Grave Robber (level 4, 0/24 HPs)
             Began as a Deep Elf Necromancer on Nov 5, 2020.
             Slain by a hobgoblin (4 damage)
             ... led by Robin
             ... on level 2 of the Dungeon.
             The game lasted 00:08:36 (2359 turns).

Queen the Grave Robber (Deep Elf Necromancer)       Turns: 2359, Time: 00:08:36

Health: 0/24       AC:  2    Str:  5    XL:     4   Next: 23%
Magic:  3/12       EV: 13    Int: 21    God:
Gold:   91         SH:  0    Dex: 15    Spells: 6/11 levels left

rFire    . . .     SeeInvis .   e - +1 dagger (flame)
rCold    . . .     Faith    .   (no shield)
rNeg     . . .     Spirit   .   a - +0 robe
rPois    .         Reflect  .   (no helmet)
rElec    .         Harm     .   (no cloak)
rCorr    .         Rampage  .   (no gloves)
MR       .....                  (no boots)
Stlth    ++........             (no amulet)
HPRegen  0.08/turn              (no ring)
MPRegen  0.13/turn              (no ring)

@: no status effects
A: no striking features
a: no special abilities


You were on level 2 of the Dungeon.
You visited 1 branch of the dungeon, and saw 2 of its levels.

You collected 91 gold pieces.

Inventory:

Hand Weapons
 e - a +1 dagger of flaming (weapon)
Armour
 a - a +0 robe (worn)
Wands
 k - a wand of random effects (14)
 l - a wand of flame (12)
Scrolls
 d - 2 scrolls of remove curse {unknown}
 f - a scroll of random uselessness {unknown}
 g - a scroll of immolation {unknown}
 h - a scroll of identify {unknown}
 i - a scroll of teleportation {unknown}
 j - a scroll of blinking {unknown}
Potions
 b - 3 potions of curing {unknown}
 c - a potion of might {unknown}
 m - a potion of lignification {unknown}


   Skills:
 + Level 2.5 Dodging
 + Level 2.5 Stealth
 + Level 4.1 Spellcasting
 + Level 6.3 Necromancy


You had 6 spell levels left.
You knew the following spells:

 Your Spells              Type           Power        Failure   Level
a - Pain                  Necr           ####         1%          1
b - Animate Skeleton      Necr           ####..       1%          1
c - Vampiric Draining     Necr           ####......   2%          3

Your spell library contained the following spells:

 Spells                   Type           Power        Failure   Level
 Animate Dead             Necr           ####......   9%          4
 Beastly Appendage        Tmut           #.....       12%         1
 Wereblood                Tmut           #.......     19%         2
 Agony                    Necr           ####....     24%         5
 Spider Form              Tmut/Pois      #.........   34%         3
 Ice Form                 Ice/Tmut       #.......     75%         4
 Blade Hands              Tmut           #.........   97%         5


Dungeon Overview and Level Annotations

Branches:
Dungeon (2/15)

Altars:
Cheibriados

Annotations:
D:2 Robin


Message History

Press: ? - help, Shift-Dir - straight line, f - goblin
Aim: a goblin (strong)
You kill the goblin!
You feel life coursing into your body.
Casting: Vampiric Draining (dangerous; 2% risk of failure)
Confirm with . or Enter, or press ? or * to list all spells.
You don't have enough magic to cast that spell.
The hobgoblin no longer looks unusually strong.
Robin throws the goblin at you!
You closely miss the goblin. The goblin closely misses you.
The hobgoblin closely misses you.
You hit the goblin. You burn the goblin.
The goblin is heavily wounded.
The hobgoblin no longer looks unusually strong.
The goblin hits you with a +0 dagger! The hobgoblin hits you.
* * * LOW HITPOINT WARNING * * *
You hit the goblin but do no damage.
The goblin is heavily wounded.
Robin misses you. The goblin barely misses you. The hobgoblin hits you.
You die...

###########..
#.........#.#
.#...####.#.#
###...###.#.# #
##........#
###...###.#.#
.#..#####.#.#
#.........#.#######.#
###+#######.)ggg@g..#
#g#######.# #)) ##.
gg g. ...


You could see Robin, 3 hobgoblins and a goblin (strong).

Vanquished Creatures
  Terence (D:2)
  A worm (D:2)
  3 dart slugs (D:1)
  A leopard gecko (D:1)
  2 giant cockroaches
  12 goblins
  9 hobgoblins
  A ball python (D:1)
  2 bats
  2 frilled lizards (D:1)
  6 kobolds
  6 rats
46 creatures vanquished.

Vanquished Creatures (collateral kills)
  A dart slug (D:1)
  A bat (D:1)
2 creatures vanquished.

Grand Total: 48 creatures vanquished

Notes
Turn   | Place    | Note
-------+----------+-------------------------------------------
     0 | D:1      | Queen the Deep Elf Necromancer began the quest for the Orb.
     0 | D:1      | Reached XP level 1. HP: 10/10 MP: 6/6
    98 | D:1      | Reached skill level 5 in Necromancy
   380 | D:1      | Reached XP level 2. HP: 15/15 MP: 6/8
   475 | D:1      | Learned a level 1 spell: Animate Skeleton
  1008 | D:1      | Reached XP level 3. HP: 18/19 MP: 6/9
  1762 | D:2      | Found a snail-covered altar of Cheibriados.
  2031 | D:2      | Noticed Terence
  2045 | D:2      | Killed Terence
  2045 | D:2      | Reached skill level 6 in Necromancy
  2045 | D:2      | Reached XP level 4. HP: 20/24 MP: 4/12
  2123 | D:2      | Learned a level 3 spell: Vampiric Draining
  2339 | D:2      | Noticed Robin
  2359 | D:2      | Slain by a hobgoblin

Illustrated notes

Levels and vault maps discovered:
D:1:      kennysheep_arrival_forest, layout_basic
D:2:      layout_loops_corners, old_standard_altar, uniq_robin, uniq_terence

Skill      XL: |  1  2  3 |
---------------+----------+-----
Necromancy     | 5 6 |  6.3
Spellcasting   | 4 |  4.1
Dodging        | |  2.5
Stealth        | |  2.5

Action                   |  1- 3 |  4- 6 || total
-------------------------+-------+-------++-------
Melee: Dagger            |    18 |     9 ||    27
 Cast: Pain              |    51 |     9 ||    60
       Animate Skeleton  |     6 |     2 ||     8
       Vampiric Draining |       |     2 ||     2
 Stab: Sleeping          |     2 |       ||     2
Armor: Robe              |     3 |       ||     3
Dodge: Dodged            |    31 |     8 ||    39

Table legend: (Time is in decaauts)
 A = Elapsed time spent in this place.
 B = Non-inter-level travel time spent in this place.
 C = Inter-level travel time spent in this place.
 D = Time resting spent in this place.
 E = Time spent auto-exploring this place.
 F = Levels seen in this place.
 G = Mean time per level.
                   A        B        C        D        E       F      G
               +--------+--------+--------+--------+--------+-----+--------+
         Total |   2358 |   2349 |      9 |    267 |   1805 |   2 | 1179.0 |
       Dungeon |   2358 |   2349 |      9 |    267 |   1805 |   2 | 1179.0 |
               +--------+--------+--------+--------+--------+-----+--------+

Top non-repeatable levels by time:
     D:1: 1610 daAuts
     D:2: 747 daAuts
